[Event "Early-Titled-Tuesday-Blitz-February-06-2024"]
[Site "Chess.com"]
[Date "2024.02.06"]
[Round "1"]
[White "starworld123"]
[Black "DeArron_Fox"]
[Result "0-1"]
[WhiteElo "2822"]
[BlackElo "2476"]
[TimeControl "180+1"]
[EndTime "8:08:13 PST"]
[Termination "DeArron_Fox won by checkmate"]

1. Nf3 d5 2. e3 Nf6 3. b3 c5 4. Bb2 Nc6 5. Bb5 Bd7 6. O-O e6 7. Bxc6 Bxc6 8. Ne5 Qc7 9. d3 Bd6 10. f4 O-O 11. Nd2 Rad8 12. Qe1 Nd7 13. Qg3 f6 14. Nxc6 Qxc6 15. e4 b5 16. Qh3 Bb8 17. Rae1 Rfe8 18. f5 Be5 19. fxe6 Bxb2 20. exd7 Bd4+ 21. Kh1 Qxd7 22. Qxd7 Rxd7 23. exd5 Rxe1 24.
Rxe1 Rxd5 25. Nf3 Kf7 26. c4 bxc4 27. dxc4 Rd6 28. Rd1 Ra6 29. Rd2 Bc3 30. Rc2 Bb4 31.
g3 Rd6 32. Kg2 a5 33. Kf2 Ra6 34. Nd2 a4 35. bxa4 Rxa4 36. Ne4 Ra3 37. Ke2 Ke6 38.
Nf2 f5 39. Nd3 Kd6 40. Nf4 Bc3 41. Nd5 Bd4 42. Rd2 g5 43. Nf6 f4 44. Nxh7 f3+ 45.
Kf1 Rc3 46. Rd1 g4 47. Nf6 Rxc4 48. Nxg4 Rc2 49. Ne3 Rxa2 50. Nf5+ Ke5 51. Nh4 Rf2+ 52. Kg1 Rd2+ 53. Kf1 Rxd1# 0-1

[Event "Early-Titled-Tuesday-Blitz-February-06-2024"]
[Site "Chess.com"]
[Date "2024.02.06"]
[Round "1"]
[White "PavelShkapenko"]
[Black "Problematique_99"]
[Result "1-0"]
[WhiteElo "2779"]
[BlackElo "2428"]
[TimeControl "180+1"]
[EndTime "8:08:14 PST"]
[Termination "PavelShkapenko won by resignation"]

1. e4 b6 2. d4 Bb7 3. Bd3 e6 4. Nf3 c5 5. O-O cxd4 6. Nxd4 a6 7. c4 Nc6 8. Nxc6 Bxc6 9. Nc3 Bc5 10. b3 Ne7 11. Bb2 O-O 12. Qg4 Ng6 13. Qg3 f5 14.
exf5 exf5 15. Nd5 Bxd5 16. cxd5 f4 17. Qg4 Qe8 18. Rae1 Qf7 19. d6 Kh8 20. Bxg6 Qxg6 21. Qxg6 hxg6 22. Re7 Rg8 23. Rd1 g5 24. Rxd7 Rae8 25.
Kf1 Re6 26. g4 Kh7 27. a3 a5 28. Bd4 Bxd4 29. Rxd4 Rc8 30. Rc4 Rce8 31. Kg2 f3+ 32. Kg3 Re1 33. Rcc7 Rg8 34. Kxf3 Rb1 35. Rc3 Rb2 36.
Kg3 Rf8 37. f3 Kh6 38. h4 gxh4+ 39. Kxh4 g5+ 40. Kg3 Re8 41. Re7 Rxe7 42. dxe7 Re2 43. Rc6+ Kg7 44. Rxb6 Rxe7 45. Rb5 Kg6 46. Rxa5 Re3 47.
b4 Rb3 48. Ra6+ Kf7 49. Ra5 Kf6 50. b5 Rb1 51. a4 Rb3 52. Ra6+ Ke5 53. b6 Kd4 54. Ra5 Rxb6 55. Rxg5 Ra6 56. a5 Kc4 57. Rf5 Kb4 58. Kh4 Rxa5 59. Rxa5 1-0

[Event "Early-Titled-Tuesday-Blitz-February-06-2024"]
[Site "Chess.com"]
[Date "2024.02.06"]
[Round "1"]
[White "lluiss"]
[Black "CristianS27"]
[Result "0-1"]
[WhiteElo "2147"]
[BlackElo "2563"]
[TimeControl "180+1"]
[EndTime "8:08:16 PST"]
[Termination "CristianS27 won on time"]

1. e4 e5 2. Nf3 d5 3. Nc3 dxe4 4. Nxe4 Nf6 5. Nxf6+ Qxf6 6. d3 Nc6 7. Be2 Bd6 8.
O-O Qg6 9. Kh1 O-O 10. Nd2 Be6 11. Ne4 Bd5 12. Bh5 Qe6 13. c4 Bxe4 14. dxe4 Qxc4 15.
Be3 Qxe4 16. Bf3 Qg6 17. Bxc6 bxc6 18. Rc1 Qe4 19. Qf3 Qxf3 20. gxf3 Rfb8 21. b3 a5 22. Rxc6 a4 23. Bc5 axb3 24. axb3 Rxb3 25. Bxd6 cxd6 26. Kg2 Rd3 27. Rfc1 g6 28. R1c2 Kg7 29. Rc7 d5 30. Re7 Raa3 31. Rxe5 Kf6 32. Re8 Rxf3 33. Rd2 Rfd3 34.
Rde2 d4 35. Rd8 Rd1 36. Re4 d3 37. Red4 h5 38. R8d6+ Kg7 39. Rd7 g5 40. R7d5 Kg6 41. Rd6+ f6 42. R6d5 h4 43. h3 Rd2 44. Kf3 Raa2 45.
Rxd3 Rxf2+ 46. Ke4 Rf4+ 47. Ke3 Rh2 48. Rd2 Rxh3+ 49.
Ke2 Rh2+ 50. Kd1 Rxd2+ 51. Kxd2 Kh5 52. Ke3 Kg4 53. Rd8 Rf3+ 54. Ke2 Rf4 55. Rh8 f5 56. Ke3 Re4+ 57. Kf2 h3 58. Rh6 Ra4 0-1

[Event "Early-Titled-Tuesday-Blitz-February-06-2024"]
[Site "Chess.com"]
[Date "2024.02.06"]
[Round "1"]
[White "SantoBlue"]
[Black "DrCeltic"]
[Result "0-1"]
[WhiteElo "2995"]
[BlackElo "2528"]
[TimeControl "180+1"]
[EndTime "8:08:17 PST"]
[Termination "DrCeltic won on time"]

1. e4 c5 2. Nc3 a6 3. g3 b5 4. Bg2 Bb7 5. d3 b4 6. Nce2 Nf6 7. Nh3 e5 8. O-O d6 9. f4 Be7 10. Nf2 O-O 11. g4 exf4 12. Nxf4 Nc6 13. g5 Nd7 14. h4 Nde5 15. Nd5 Nd4 16. c3 bxc3 17. bxc3 Ne6 18. d4 Nd7 19. Rb1 Bxd5 20. exd5 Nc7 21. Ng4 Nb5 22. Qd3 cxd4 23. cxd4 Rc8 24.
Bd2 Qb6 25. Rf4 Ne5 26. Nxe5 dxe5 27. Re4 Bd6 28. a4 exd4 29. axb5 axb5 30. Rxb5 Qa6 31. Rb3 Qa1+ 32. Re1 Qa4 33. h5 Rc3 34. Bxc3 dxc3 35.
Rxc3 Qh4 36. Re4 Qxh5 37. Qe3 Qd1+ 38. Qe1 Qh5 39. Rh3 Qxg5 40. Re8 Bc5+ 41. Kh1 h5 42.
Rxf8+ Kxf8 43. Rc3 Be7 44. Rc8+ Bd8 45. d6 Kg8 46. Qe8+ Kh7 47. Qxd8 Qd2 0-1

[Event "Early-Titled-Tuesday-Blitz-February-06-2024"]
[Site "Chess.com"]
[Date "2024.02.06"]
[Round "1"]
[White "MightyGMpretender"]
[Black "SargissyanSargis"]
[Result "1-0"]
[WhiteElo "2733"]
[BlackElo "2408"]
[TimeControl "180+1"]
[EndTime "8:08:17 PST"]
[Termination "MightyGMpretender won on time"]

1. e4 e5 2. Nf3 Nc6 3. Bb5 Nf6 4.
Bxc6 dxc6 5. d3 Bc5 6. O-O Bg4 7. Be3 Nd7 8. Nbd2 Qf6 9. Qe1 O-O 10. Bxc5 Nxc5 11.
Qe3 Ne6 12. h3 Bxf3 13. Qxf3 Nf4 14. Kh2 Qh6 15. Nc4 Rae8 16. Ne3 g6 17. Qg4 Kh8 18. g3 Ne6 19. Rae1 Ng7 20. Qd7 Ne6 21. f4 exf4 22.
gxf4 Nxf4 23. Qg4 Ne6 24. Rf6 Qg5 25. Qxg5 Nxg5 26. h4 Ne6 27. h5 Kg7 28. Ref1 Nd4 29.
Kg3 h6 30. R1f2 Re6 31. R6f4 Ree8 32. Ng4 Ne6 33. Rf6 Ng5 34. Kh4 Re6 35. R6f4 Ree8 36. Kg3 Ne6 37. Rf6 Ng5 38. a4 Rd8 39. a5 a6 40. b3 Rde8 41. R6f4 Rd8 42. Kg2 Rde8 43.
Nf6 Rd8 44. e5 Ne6 45. Rg4 Rd4 46. Ne4 Ng5 47. Rff4 Nxe4 48. Rxe4 Rxe4 49. Rxe4 g5 50. d4 Re8 51. Kf3 Re6 52. Kg4 f6 53. Kf5 Kf7 54.
c4 fxe5 55. dxe5 Ke7 56. c5 Kf7 57. b4 Ke7 58. Rd4 b5 59. Rd3 1-0

[Event "Early-Titled-Tuesday-Blitz-February-06-2024"]
[Site "Chess.com"]
[Date "2024.02.06"]
[Round "1"]
[White "CSB7"]
[Black "PapaieDudu"]
[Result "1-0"]
[WhiteElo "2742"]
[BlackElo "2414"]
[TimeControl "180+1"]
[EndTime "8:08:18 PST"]
[Termination "CSB7 won by resignation"]

1. d4 d5 2. Nf3 Nf6 3. Bf4 c5 4. e3 Nbd7 5. c3 e6 6. h3 Be7 7. Nbd2 O-O 8. Bd3 b6 9. Ne5 Bb7 10. Qf3 Ne4 11. Nxe4 dxe4 12. Bxe4 Bxe4 13. Qxe4 Nf6 14.
Qf3 Rc8 15. O-O Nd5 16. Bg3 cxd4 17. exd4 f5 18. Rfd1 Bg5 19. c4 Nf6 20. Bf4 Ne4 21. Bxg5 Qxg5 22. Qe3 Qh4 23. b3 Kh8 24. Nf3 Qf6 25.
Rd3 a5 26. Rad1 Qg6 27. Ne5 Qh5 28. d5 Nc5 29. Rd4 f4 30. Qe1 exd5 31. Rxd5 Rce8 32. Qc3 Ne4 33. Qd4 Nc5 34. Nd7 Rf5 35. Nxc5 Rxd5 36. Qxd5 Re1+ 37. Rxe1 Qxd5 38. Re8+ Qg8 39. Rxg8+ Kxg8 40.
Nd7 Kf7 41. Nxb6 Ke6 42. c5 g5 43. a3 h5 44. b4 axb4 45. axb4 g4 46. hxg4 hxg4 47.
b5 g3 48. fxg3 fxg3 49. Kf1 Ke5 50. Ke2 Kd4 51. c6 Kc5 52. Na8 Kd6 53. c7 Kd7 54. b6 Kc8 55. Kf3 Kb7 56. Kxg3 Kc8 57. Kf3 Kb7 58.
g4 Kc8 59. g5 Kb7 60. g6 Kc8 61. g7 Kb7 62. g8=Q Ka6 63. c8=Q+ Ka5 64. b7 1-0

[Event "Early-Titled-Tuesday-Blitz-February-06-2024"]
[Site "Chess.com"]
[Date "2024.02.06"]
[Round "1"]
[White "Shushik"]
[Black "OparinGrigoriy"]
[Result "1/2-1/2"]
[WhiteElo "2518"]
[BlackElo "2994"]
[TimeControl "180+1"]
[EndTime "8:08:19 PST"]
[Termination "Game drawn - insufficient material"]

1. e4 a6 2. d4 c6 3. a4 d5 4.
Nc3 dxe4 5. Nxe4 Bf5 6. Ng3 Bg6 7. Nf3 Nd7 8. h4 h6 9. h5 Bh7 10. Bd3 Bxd3 11. Qxd3 e6 12. Bf4 Ngf6 13. c3 Nd5 14. Bd2 Qc7 15. O-O Be7 16. b4 a5 17. b5 c5 18. Ne4 O-O 19. Rfe1 cxd4 20. Nxd4 Nc5 21. Nxc5 Bxc5 22. Qf3 Bxd4 23. cxd4 Rfc8 24. Qg4 Kh8 25. Rac1 Qd8 26. Qf3 Kg8 27. Qg4 Nf6 28. Qh4 Kh7 29. Be3 Rxc1 30. Rxc1 Rc8 31. Rxc8 Qxc8 32. Kh2 Qc2 33. d5 Nxd5 34. Ba7 b6 35. Bb8 Qf5 36. Bd6 e5 37. Kg1 e4 38. Kh2 Qe6 39. Bg3 f5 40. Bf4 Nf6 41. Be3 Qf7 42. Bxb6 Nd5 43. Be3 f4 44. Bd4 Qe6 45. b6 Qd7 46. Qh3 Qf7 47. Qg4 Kg8 48. Qg6 Qb7 49. Qxg7+ Qxg7 50. Bxg7 Nxb6 51. Bxh6 f3 52. Be3 Nxa4 53. gxf3 exf3 54. Kg3 Nb2 55. Kxf3 a4 56. Bc5 Nc4 57. Kg4 a3 58.
Bxa3 Nxa3 59. f4 Nc4 60. f5 Ne3+ 61. Kg5 Nxf5 62. Kxf5 Kh7 63. h6 Kh8 64. h7 Kxh7 1/2-1/2

[Event "Early-Titled-Tuesday-Blitz-February-06-2024"]
[Site "Chess.com"]
[Date "2024.02.06"]
[Round "1"]
[White "Crazy_girl99"]
[Black "Kostukov_Alex"]
[Result "1/2-1/2"]
[WhiteElo "2613"]
[BlackElo "2303"]
[TimeControl "180+1"]
[EndTime "8:08:20 PST"]
[Termination "Game drawn by agreement"]

1. e4 c5 2. Nf3 g6 3. d4 cxd4 4. Nxd4 Bg7 5. Nc3 Nc6 6. Be3 Nf6 7. Bc4 O-O 8. O-O Nxe4 9. Nxe4 d5 10. Nxc6 bxc6 11.
Bd3 dxe4 12. Bxe4 Ba6 13. Re1 Bxb2 14. Bxc6 Rc8 15. Be4 Bxa1 16. Qxa1 f6 17. h4 Qc7 18. h5 Bb7 19. Bd3 Qc6 20. f3 Rfd8 21. hxg6 Rxd3 22.
gxh7+ Kxh7 23. cxd3 Qc2 24. Bxa7 e5 25. Be3 Bxf3 26. Bf2 Rg8 27. g3 Qxd3 28. Qc1 Qg6 29. Qe3 e4 30. Rc1 Rg7 31. Kf1 Qh5 32. Bg1 Qh3+ 33.
Ke1 Rd7 34. Qf2 Qg4 35. Kf1 Rd3 36. Re1 Kg6 37. Qb6 Qd7 38. Bh2 Rd1 39. Qf2 Qd3+ 40. Kg1 Qb1 41. Rf1 Rc1 42. Rxc1 Qxc1+ 43. Qf1 Qd2 44. Qf2 Qd1+ 45. Qf1 Qd4+ 46. Qf2 Qd1+ 47. Qf1 Qd4+ 48. Qf2 Qa1+ 49. Qf1 Qxa2 50. g4 Qa7+ 51. Qf2 Qa1+ 52. Qf1 Qd4+ 53. Qf2 Qxf2+ 54. Kxf2 Bxg4 55. Ke3 Kf5 56. Bf4 Bf3 57. Bh6 Kg4 58. Bf4 f5 59. Bd6 Kh3 60. Bf4 Kg2 61. Bd6 Kh3 62. Bf4 Kg4 63. Bd6 Kh5 64. Bc7 Kg6 65. Be5 Kf7 66.
Bf4 Ke6 67. Bb8 Kd5 68. Bg3 1/2-1/2

[Event "Early-Titled-Tuesday-Blitz-February-06-2024"]
[Site "Chess.com"]
[Date "2024.02.06"]
[Round "1"]
[White "Adekrisna123"]
[Black "nihalsarin"]
[Result "0-1"]
[WhiteElo "2529"]
[BlackElo "3119"]
[TimeControl "180+1"]
[EndTime "8:08:21 PST"]
[Termination "nihalsarin won by resignation"]

1. d4 a6 2. Bf4 b5 3. Nd2 Bb7 4. Ngf3 Nf6 5. e3 e6 6. Bd3 c5 7. c3 Be7 8. h3 O-O 9. O-O cxd4 10. exd4 Nc6 11. Re1 Rc8 12. Ne4 Nxe4 13. Bxe4 Na5 14.
Bxb7 Nxb7 15. d5 Nd6 16. a4 Nc4 17. b3 Nb6 18. dxe6 dxe6 19. Qxd8 Rfxd8 20. axb5 axb5 21.
Ra5 Rxc3 22. Rxb5 Nd5 23. Be5 Rd3 24. Rb7 f6 25. Bg3 e5 26. Ra1 Kf7 27. Ne1 Rc3 28. Rd1 Ke6 29. Nd3 Nc7 30. Nb2 Rxd1+ 31. Nxd1 Rc1 32.
Kh2 Nd5 33. Ne3 Nxe3 34. fxe3 Rc3 35. e4 Re3 36. Rb6+ Kf7 37. Bf2 Rxe4 38. Rb7 Ke6 39.
Rb6+ Kd7 40. Rb7+ Kd8 41. Bb6+ Ke8 42. Rb8+ Kf7 43. Rb7 Ke6 44. Ba5 Rd4 45. b4 h5 46.
Rb6+ Bd6 47. Rc6 Kd5 48. b5 Ra4 49. Bd8 Rb4 50. Rb6 e4+ 51. Kg1 Bc5+ 52. Kf1 Bxb6 0-1

[Event "Early-Titled-Tuesday-Blitz-February-06-2024"]
[Site "Chess.com"]
[Date "2024.02.06"]
[Round "1"]
[White "BestStelker"]
[Black "NastyaHn"]
[Result "1-0"]
[WhiteElo "2708"]
[BlackElo "2389"]
[TimeControl "180+1"]
[EndTime "8:08:21 PST"]
[Termination "BestStelker won on time"]

1. Nf3 Nf6 2. c4 e6 3. d4 d5 4. Nc3 c5 5. cxd5 cxd4 6. Qxd4 exd5 7. Bg5 Be7 8. e3 Nc6 9. Qa4 Be6 10. Bb5 O-O 11.
O-O Qb6 12. Rfd1 Rfd8 13. Rac1 a6 14. Bd3 Rac8 15. Ne2 h6 16. Bh4 Bg4 17. Bxf6 Bxf3 18. Bxe7 Bxe2 19. Bxd8 Bxd1 20. Bxb6 Bxa4 21. Rc5 g6 22. b3 Bb5 23. Bxb5 axb5 24. g4 d4 25. exd4 Ra8 26. d5 Ne5 27. d6 Nd7 28. Rxb5 Rxa2 29. Bc7 Ra7 30. Kg2 Kg7 31. h4 Kf6 32. f4 Ke6 33. f5+ gxf5 34. gxf5+ Kf6 35. Bd8+ Kg7 36. Be7 f6 37. Kf3 Kf7 38. Ke4 Ra1 39. Kd5 Rd1+ 40. Kc4 Rc1+ 41. Kd3 b6 42. Rb4 Rd1+ 43. Kc4 Rh1 44. Kb5 Rc1 45. Rc4 Ra1 46. Rc7 Ke8 47. Rc8+ Kf7 48. Rd8 Ne5 49. Rf8+ Kg7 50. Rd8 Kf7 51.
Rf8+ Kg7 52. Rxf6 Nd7 53. Re6 Kf7 54. Re2 Rb1 55. Kc6 Nb8+ 56. Kb7 Nd7 57. Kc7 Nc5 58. d7 Rd1 59. d8=Q Rxd8 60. Bxd8 1-0

[Event "Early-Titled-Tuesday-Blitz-February-06-2024"]
[Site "Chess.com"]
[Date "2024.02.06"]
[Round "1"]
[White "FredddieCroderg"]
[Black "ukchessbomber"]
[Result "1/2-1/2"]
[WhiteElo "2357"]
[BlackElo "2660"]
[TimeControl "180+1"]
[EndTime "8:08:21 PST"]
[Termination "Game drawn - insufficient material"]

1. e4 a6 2. d4 b5 3. Bd3 Bb7 4. Qe2 e6 5. f4 c5 6. c3 Nf6 7. Nf3 d5 8. e5 Ne4 9. Nbd2 cxd4 10. cxd4 Nc6 11. Nxe4 dxe4 12. Bxe4 Bb4+ 13. Kf2 Nxd4 14. Qd3 Bxe4 15. Qxe4 Nxf3 16. Qc6+ Ke7 17. Qxf3 Bc5+ 18. Kg3 h5 19. Rd1 h4+ 20. Kh3 Qb6 21. f5 f6 22.
b4 Bd4 23. Rb1 Bxe5 24. Be3 Qb8 25. Bc5+ Kf7 26. Rd7+ Kg8 27. Qg4 Rh7 28. fxe6 Bxh2 29.
e7 Qg3+ 30. Qxg3 hxg3+ 31. Kg4 Re8 32. Rd8 Kf7 33. Rbd1 Rxe7 34. Bxe7 Kxe7 35. Ra8 Kf7 36. Rxa6 Kg6 37. Rb6 Rh5 38. Rc1 Rg5+ 39. Kf3 Rf5+ 40. Ke3 Rf2 41. Rxb5 Rxg2 42. Rb7 Rxa2 43. Rcc7 Kf5 44.
Rxg7 Rb2 45. Kf3 Rf2+ 46. Ke3 Ra2 47. b5 Ra3+ 48. Ke2 Kf4 49. Rbf7 Ra2+ 50. Kd3 f5 51. b6 Rb2 52. b7 Rb6 53. Rf8 Kf3 54. b8=Q Rxb8 55.
Rxb8 g2 56. Rf8 f4 57. Kd4 g1=Q+ 58. Rxg1 Bxg1+ 59. Ke5 Be3 60. Rf5 Kg3 61. Rxf4 Bxf4+ 1/2-1/2

[Event "Early-Titled-Tuesday-Blitz-February-06-2024"]
[Site "Chess.com"]
[Date "2024.02.06"]
[Round "1"]
[White "atomicmate123"]
[Black "nickmatta"]
[Result "0-1"]
[WhiteElo "1988"]
[BlackElo "2549"]
[TimeControl "180+1"]
[EndTime "8:08:22 PST"]
[Termination "nickmatta won by resignation"]

1. e4 c5 2. Nf3 Nf6 3. Nc3 d5 4. exd5 Nxd5 5. Bc4 Nxc3 6. dxc3 Qxd1+ 7. Kxd1 Nc6 8. h3 Bf5 9. Bf4 f6 10. Nh4 O-O-O+ 11. Kc1 Bd7 12. Bg3 e5 13. b3 Be7 14. Nf3 Na5 15. Be2 e4 16. Nd2 f5 17. h4 Bf6 18.
Kb2 b5 19. a3 Bc6 20. Nb1 Nb7 21. b4 a5 22. Bf4 cxb4 23. axb4 axb4 24. Ra8+ Kd7 25.
Rd1+ Ke6 26. Raxd8 Rxd8 27. Rxd8 Nxd8 28. Kb3 bxc3 29.
Nxc3 Bxh4 30. Nxb5 Bxf2 31. Bc7 Nb7 32. Bc4+ Bd5 33.
Bb6 Bxb6 34. Bxd5+ Kxd5 35. c4+ Ke6 36. Nc3 h5 37.
Nd5 Bd4 38. Nf4+ Ke5 39. Nxh5 g5 40. Ng3 f4 41. Ne2 Nc5+ 42. Kb4 f3 43. gxf3 exf3 44. Ng3 f2 45. Nf1 Nd3+ 46. Kb3 Nf4 47. Kc2 g4 48.
Kd2 Ke4 49. Kd1 Kd3 50. Ng3 Kxc4 51. Kd2 Kd5 52. Kd1 Bc5 53. Kd2 Ke6 54. Kc1 Bb6 55.
Kd2 Kf6 56. Kd1 Kg5 57. Kd2 Kh4 58. Nf5+ Kh3 59. Nh6 f1=Q 0-1

[Event "Early-Titled-Tuesday-Blitz-February-06-2024"]
[Site "Chess.com"]
[Date "2024.02.06"]
[Round "1"]
[White "Evgeny81"]
[Black "DinaBelenkaya"]
[Result "0-1"]
[WhiteElo "2715"]
[BlackElo "2422"]
[TimeControl "180+1"]
[EndTime "8:08:24 PST"]
[Termination "DinaBelenkaya won on time"]

1. e4 c6 2. d4 d5 3. Nd2 dxe4 4. Nxe4 Bf5 5. Ng3 Bg6 6. h4 h6 7. Nf3 Nd7 8. Bd3 Bxd3 9. Qxd3 e6 10. Bf4 Ngf6 11.
O-O-O Be7 12. Kb1 Qa5 13. Ne5 O-O 14. Rhe1 Nxe5 15. Bxe5 c5 16. dxc5 Qxc5 17. Bxf6 Bxf6 18. Ne4 Qf5 19. g4 Qf4 20. Nxf6+ Qxf6 21. g5 hxg5 22.
hxg5 Qxg5 23. Rg1 Qf5 24. Qg3 g6 25. Qh4 Kg7 26. Qe7 Qf6 27. Qb4 Rfd8 28. Rxd8 Rxd8 29. Qxb7 Qxf2 30. Rc1 g5 31. Qe7 Rd5 32. a4 g4 33.
Qb4 Rg5 34. Qc3+ e5 35. Qc7 g3 36. Qd8 Qf4 37. Rh1 Kg6 38. Qh8 Kf5 39. Qh7+ Ke6 40. Qh6+ f6 41. Qh3+ Qf5 42. Qh8 g2 43. Qe8+ Kd5 44. Rd1+ Ke4 45. Qc6+ Kf4 46. Qc4+ e4 47.
Qc7+ Kf3 48. Qc3+ e3 49. Qc6+ Kf2 50. Qc3 g1=Q 51. Rxg1 Rxg1+ 52. Ka2 Qe5 53. Qc4 Rg5 54. Qh4+ Ke2 55. Qh7 Ke1 56. Qd3 e2 57. b3 Kf1 58.
Qf3+ Ke1 59. Qd3 Kf2 60. Qd2 Rg1 0-1

[Event "Early-Titled-Tuesday-Blitz-February-06-2024"]
[Site "Chess.com"]
[Date "2024.02.06"]
[Round "1"]
[White "tandaleo"]
[Black "Harsha_Bharathakoti"]
[Result "1-0"]
[WhiteElo "2517"]
[BlackElo "2922"]
[TimeControl "180+1"]
[EndTime "8:08:25 PST"]
[Termination "tandaleo won by checkmate"]

1. d4 d5 2. c4 e6 3. Nf3 a6 4. cxd5 exd5 5. Nc3 c6 6. e4 dxe4 7. Nxe4 Be7 8. Bd3 Nf6 9. O-O O-O 10. Re1 Bg4 11.
Be3 Nbd7 12. h3 Bh5 13. Ng3 Bg6 14. Bxg6 hxg6 15. Qd2 Re8 16. a3 Nd5 17. Bg5 f6 18. Bf4 Nf8 19. Ne4 Qb6 20. Bd6 Bxd6 21. Nxd6 Rxe1+ 22. Rxe1 Rd8 23. Ne4 Re8 24. b4 Qc7 25. Nc5 Rd8 26. Qc2 Qf7 27. Re4 Ra8 28. Qb3 b6 29. Nd3 Ne6 30. Re1 Qd7 31. Qc2 g5 32. Qc4 Qd6 33. Nd2 b5 34. Qa2 Nxd4 35. Nc5 Kh8 36.
Nde4 Qf4 37. Qa1 Nf5 38. Qd1 Rd8 39. Qh5+ Kg8 40. Ng3 Nxg3 41. fxg3 Qd4+ 42. Kh2 Qd3 43. Re8+ Rxe8 44. Qxe8+ Kh7 45. Qh5+ Kg8 46. Qe8+ Kh7 47. Qh5+ Kg8 48. Ne6 Qf5 49. Qe8+ Kh7 50. Qh5+ Kg8 51.
Qe8+ Kh7 52. Qf7 Kh6 53. Qxg7+ Kh5 54. Qh8+ Kg6 55. Qe8+ Kh6 56. Qf8+ Kg6 57. Qg8+ Kh6 58. Qg7+ Kh5 59. g4+ Qxg4 60. hxg4+ Kxg4 61. Qg6 f5 62. Qxg5# 1-0

[Event "Early-Titled-Tuesday-Blitz-February-06-2024"]
[Site "Chess.com"]
[Date "2024.02.06"]
[Round "1"]
[White "ASVZ"]
[Black "Sina_Movahed"]
[Result "0-1"]
[WhiteElo "2513"]
[BlackElo "3021"]
[TimeControl "180+1"]
[EndTime "8:08:26 PST"]
[Termination "Sina_Movahed won by checkmate"]

1. e4 c5 2. c3 Nf6 3. e5 Nd5 4. d4 cxd4 5. Qxd4 e6 6. Nf3 Nc6 7. Qe4 d6 8. Bb5 Bd7 9. c4 Nc7 10. exd6 Bxd6 11. O-O O-O 12. Rd1 Qe7 13. Nc3 Rad8 14.
Ba4 Na6 15. Bg5 f6 16. Bc2 g6 17. Bh6 Rfe8 18. Qh4 Ne5 19. Ng5 f5 20. Nb5 Bxb5 21.
cxb5 Nc5 22. b4 Ng4 23. bxc5 Bxc5 24. Rxd8 Qxd8 25. Rf1 Qd2 26. Ne4 Qxc2 27. Nxc5 Qxc5 28. Bg5 Ne5 29. Bf6 Nf7 30. Rd1 Qxb5 31. h3 e5 32. Qg3 Qa6 33. Bh4 Qxa2 34. Rd7 Qe6 35. Qd3 a5 36. Rxb7 a4 37. Qb5 a3 38. Rb6 Qc8 39. Ra6 Qc1+ 40. Kh2 Rf8 41. Qa4 Kg7 42. Bf6+ Kg8 43.
Qxa3 Qxa3 44. Rxa3 Re8 45. Ra7 h6 46. h4 e4 47. h5 Re6 48. hxg6 Rxf6 49. gxf7+ Rxf7 50. Ra6 Kg7 51. Kg3 f4+ 52. Kg4 f3 53. g3 Rf6 54.
Ra4 e3 55. Ra1 e2 56. Re1 Kg6 57. Kh3 h5 58. g4 Kg5 59. gxh5 Kxh5 60. Kg3 Kg5 61. Kh3 Kf4 62. Kh4 Rh6# 0-1

[Event "Early-Titled-Tuesday-Blitz-February-06-2024"]
[Site "Chess.com"]
[Date "2024.02.06"]
[Round "1"]
[White "Philippians46"]
[Black "skkeyan1309"]
[Result "1/2-1/2"]
[WhiteElo "2570"]
[BlackElo "2716"]
[TimeControl "180+1"]
[EndTime "8:08:26 PST"]
[Termination "Game drawn - insufficient material"]

1. d4 Nf6 2. c4 g6 3. Nc3 Bg7 4. e4 d6 5. Be2 O-O 6. Be3 Na6 7. h4 h5 8. Nf3 Ng4 9. Bg5 c5 10. O-O cxd4 11. Nxd4 Nc5 12. Qd2 Ne6 13. Nxe6 Bxe6 14.
Rad1 Rc8 15. b3 Re8 16. Bxg4 Bxg4 17. f3 Be6 18. Be3 Qa5 19. Bd4 Bxd4+ 20. Qxd4 Qc5 21. Rf2 a6 22. Qxc5 Rxc5 23. a4 Kg7 24. Rfd2 Rec8 25. Kf2 Kf6 26. g3 Rg8 27. Ke3 g5 28. hxg5+ Rcxg5 29. Ne2 b5 30. axb5 axb5 31. Rc1 bxc4 32. bxc4 Rc5 33.
Rdc2 Rgc8 34. Kd3 Ra8 35. Nf4 Ra3+ 36. Ke2 Ra4 37. Kd3 Ra3+ 38. Ke2 Rca5 39. Nd3 Ra2 40. Ke3 R5a3 41. Rxa2 Rxa2 42. c5 dxc5 43. Rxc5 Rg2 44. Nf4 Rh2 45. Nxh5+ Kg6 46. Nf4+ Kf6 47. Rh5 Ra2 48. e5+ Kg7 49. Nxe6+ fxe6 50. Kf4 Kg6 51. Rh8 Ra4+ 52. Ke3 Ra3+ 53. Kf2 Ra2+ 54. Kg1 Re2 55. f4 Kf5 56. Rh7 Kg4 57. Kf1 Re4 58. Kf2 Ra4 59. Rg7+ Kf5 60. Rxe7 Ra2+ 61. Ke3 Ra3+ 62. Kd4 Rxg3 63. Rf7+ Kg4 64. Rf6 Rg1 65. Kc5 Rd1 66.
Rxe6 Kxf4 67. Rd6 Re1 68. e6 Kf5 69. Rd8 Rxe6 70. Rd5+ Kf4 71. Kd4 Re4+ 72. Kc5 Re1 73. Rd4+ Ke5 74. Rd5+ Ke6 75. Rd6+ Ke7 76. Rd5 Rc1+ 77. Kd4 Rd1+ 78. Kc5 Rxd5+ 79. Kxd5 1/2-1/2

[Event "Early-Titled-Tuesday-Blitz-February-06-2024"]
[Site "Chess.com"]
[Date "2024.02.06"]
[Round "1"]
[White "ATM622"]
[Black "MatthewG-p4p"]
[Result "0-1"]
[WhiteElo "2452"]
[BlackElo "2813"]
[TimeControl "180+1"]
[EndTime "8:08:27 PST"]
[Termination "MatthewG-p4p won by resignation"]

1. d4 d5 2. c4 e6 3. Nf3 c6 4. Nbd2 f5 5. g3 Nf6 6. Bg2 Bd6 7. O-O Nbd7 8. b3 O-O 9. Bb2 Ne4 10. Ne5 Qe7 11.
e3 Bb4 12. Nxe4 fxe4 13. f4 Nxe5 14. fxe5 Bd7 15. Qg4 Rac8 16. a3 Rxf1+ 17. Bxf1 Ba5 18. b4 Bb6 19. Be2 a5 20. Bc3 Ra8 21. Rf1 axb4 22. axb4 Ra3 23. Bd2 Ra2 24. Bc3 Be8 25. Re1 Ra3 26.
Bd2 Ra2 27. Bc3 Bg6 28. Qf4 Rc2 29. c5 Rxc3 30. cxb6 Qxb4 31. Ra1 Ra3 32. Rxa3 Qxa3 33. Qg5 Qf8 34. Bg4 Bf7 35. Be2 h6 36. Qf4 Qd8 37. Qf1 Qxb6 38. Qa1 Qb3 39. Qa8+ Kh7 40. Kf2 Qb2 41.
Qa4 Bh5 42. Qd1 Qxe2+ 43. Qxe2 Bxe2 44. Kxe2 b6 45. Kd2 c5 46. Kc3 Kg6 47. h3 Kf7 48.
Kd2 Ke7 49. Kc3 Kd7 50. Kb3 Kc6 51. Ka4 b5+ 52. Kb3 cxd4 53. exd4 Kb6 54. Kb4 Ka6 55. g4 g5 56. Kb3 Ka5 57. Ka3 b4+ 58. Kb3 Kb5 59. Kb2 Kc4 60. Kc2 Kxd4 61. Kb3 e3 62.
Kxb4 e2 0-1

[Event "Early-Titled-Tuesday-Blitz-February-06-2024"]
[Site "Chess.com"]
[Date "2024.02.06"]
[Round "1"]
[White "Willhaven3"]
[Black "Saraisitave"]
[Result "1-0"]
[WhiteElo "2626"]
[BlackElo "2299"]
[TimeControl "180+1"]
[EndTime "8:08:27 PST"]
[Termination "Willhaven3 won on time"]

1. d4 d5 2. Nf3 c6 3. c4 Nf6 4. Nc3 e6 5. cxd5 exd5 6. Bg5 Bd6 7. Qc2 Nbd7 8. e3 O-O 9. Bd3 h6 10. Bh4 Re8 11. O-O Nf8 12. Rab1 Bc7 13. Bg3 Bg4 14. Ne5 Bh5 15. b4 N6d7 16. Nxd7 Qxd7 17. Bxc7 Qxc7 18. Nxd5 Qd6 19. Nf4 Bg6 20. Nxg6 fxg6 21. Qc5 Qf6 22. b5 cxb5 23. Qxb5 b6 24. Rbc1 Rac8 25. Qa6 Rxc1 26. Rxc1 Re7 27. Qc8 Kh7 28. g3 Rf7 29. Rf1 h5 30. h4 Re7 31. Bc4 Qf3 32. Qh3 Nd7 33. Qg2 Qf8 34. Qd5 Nf6 35. Qd6 Ne4 36. Qa3 Nd2 37.
Rc1 Qf6 38. Rc2 Nf3+ 39. Kf1 Nh2+ 40. Ke1 Ng4 41. Be2 Qxf2+ 42. Kd2 Qxe3+ 43. Qxe3 Nxe3 44. Rc3 Nd5 45. Rf3 Nb4 46. Bc4 Nc6 47. d5 Ne5 48.
Rf4 Rc7 49. Bb3 Rd7 50. Ke3 Nf7 51. Kd4 Nd6 52. Rf3 Nb5+ 53. Ke5 a5 54. Ke6 Rd6+ 55. Ke7 1-0

[Event "Early-Titled-Tuesday-Blitz-February-06-2024"]
[Site "Chess.com"]
[Date "2024.02.06"]
[Round "1"]
[White "Binary010"]
[Black "WindWhistler11"]
[Result "0-1"]
[WhiteElo "2875"]
[BlackElo "2507"]
[TimeControl "180+1"]
[EndTime "8:08:28 PST"]
[Termination "WindWhistler11 won by resignation"]

1. Nf3 Nf6 2. c4 d6 3. d4 Nbd7 4. Nc3 e5 5. e4 Be7 6. g3 O-O 7. Bg2 c6 8. O-O Qc7 9. Re1 a5 10. h3 Re8 11. Be3 Bf8 12. Qc2 b6 13. d5 Bb7 14.
dxc6 Bxc6 15. Rac1 Qb7 16. Nd5 Rac8 17. Qb1 b5 18. Nd2 a4 19. Nb4 bxc4 20. Nxc6 Rxc6 21. Rxc4 Rb8 22. Rec1 Nc5 23. Bxc5 dxc5 24. Rxa4 Qxb2 25. Qxb2 Rxb2 26. Nc4 Re2 27. Nxe5 Re6 28. Nd3 Nxe4 29.
Nf4 Nf6 30. Nxe6 fxe6 31. Bf1 Rb2 32. Bc4 Kf7 33. Ra7+ Kg6 34. Bxe6 Ne4 35. Rf7 Bd6 36. Rf3 Kh6 37. Bb3 Nd2 38. Rd3 Be5 39. Rc2 Rb1+ 40.
Kg2 Nxb3 41. axb3 Bd4 42. h4 Kg6 43. Rf3 h6 44. Re2 Ra1 45. g4 Ra2 46. Kg3 Ra1 47.
h5+ Kh7 48. Kg2 Ra2 49. Rd3 Rxe2 50. b4 Rxf2+ 51. Kg3 Rc2 52. bxc5 Bxc5 53. Rd5 Rc3+ 54. Kg2 Be7 55. Re5 Bg5 56. Rf5 Rc2+ 57. Kg3 Kg8 58. Rb5 Rc3+ 59. Kg2 Kf7 60. Rf5+ Ke6 61. Kf2 Bf6 62. Rb5 Be5 63. Ra5 Bd6 64. g5 Bc5+ 65. Kg2 hxg5 66. Ra6+ Kf5 67. Rg6 Bd4 68. Kh2 Bf6 69.
Kg2 Rc4 70. Kg3 Rh4 0-1